Map: Newkirk Precinct TE (Void)

Players

GAMETIME - Winner!

  • Race: Zerg Zerg
  • Spawn Location: 7:00

Caliber

  • Race: Protoss Protoss
  • Spawn Location: 5:00

Event: WCS Austin 2017

VOD

Have the link to the VOD?

Description

Time

  • Played on: April 28, 2017, 4:40 p.m.
  • Length: 12:13

All games in this series

Show
View Real Time Build Order
Export as new Build Order

GAMETIME Zerg - Winner!

Build Orders: Pool First, Lurkers 

Get SALT Encoding   

  12  0:06  Drone  
  13  0:08  Drone  
  14  0:17  Overlord  
  14  0:21  Extractor  
  14  0:23  Drone  
  16  0:35  Drone  
  16  0:41  Spawning Pool  
  15  0:45  Drone  
  15  0:49  Extractor  
  15  0:52  Drone  
  16  1:00  Drone  
  17  1:10  Drone  
  18  1:29  Queen  
  18  1:30  Zergling x2  
  21  1:41  Hatchery  
  21  1:44  Zergling x2  
  21  1:50  Metabolic Boost  
  21  1:56  Overlord  
  21  2:00  Drone  
  22  2:14  Queen  
  24  2:15  Drone  
  24  2:18  Drone  
  26  2:27  Drone  
  27  2:38  Zergling x2  
  27  2:42  Zergling x4  
  27  2:44  Overlord  
  30  2:50  Pneumatized Carapace  
  30  2:53  Overlord  
  30  2:56  Drone  
  30  3:03  Overlord  
  30  3:04  Drone  
  31  3:15  Queen  
  31  3:18  Spore Crawler  
  31  3:19  Drone  
  33  3:21  Drone  
  31  3:34  Drone  
  31  3:35  Drone x4  
  31  3:39  Drone, Overlord  
  37  3:52  Hatchery  
  36  3:56  Spore Crawler  
  36  3:57  Drone  
  36  4:00  Drone  
  36  4:01  Drone  
  38  4:03  Drone  
  38  4:05  Drone  
  38  4:08  Zergling x2  
  41  4:10  Zergling x2  
  41  4:14  Zergling x4  
  44  4:18  Overlord  
  44  4:20  Drone  
  44  4:22  Drone  
  46  4:24  Drone  
  46  4:29  Lair  
  47  4:34  Spore Crawler  
  47  4:35  Drone  
  47  4:38  Overlord  
  47  4:40  Drone  
  47  4:43  Drone  
  47  4:44  Drone  
  50  4:47  Drone x2  
  50  4:51  Extractor x2  
  50  4:54  Drone x2  
  50  4:57  Overlord  
  50  4:58  Drone  
  53  5:01  Drone x2  
  53  5:07  Drone x3  
  57  5:13  Drone x2  
  59  5:15  Extractor  
  59  5:21  Drone x2  
  59  5:22  Drone, Spore Crawler  
  59  5:26  Overlord  
  59  5:27  Drone x3  
  63  5:31  Drone, Hydralisk Den  
  61  5:39  Evolution Chamber  
  61  5:42  Drone x3  
  63  5:43  Queen  
  63  5:49  Overlord x2  
  65  5:52  Zergling x6  
  68  5:57  Zergling x2  
  68  5:58  Zergling x6  
  69  6:05  Muscular Augments, Drone x2  
  69  6:06  Drone x2  
  69  6:08  Drone  
  69  6:10  Hydralisk  
  76  6:13  Hydralisk  
  76  6:15  Hydralisk  
  76  6:18  Hydralisk  
  77  6:21  Hydralisk  
  77  6:22  Hydralisk  
  83  6:25  Hydralisk  
  83  6:27  Drone  
  83  6:28  Drone  
  87  6:33  Overlord  
  87  6:42  Hydralisk, Hatchery  
  87  6:43  Hydralisk  
  87  6:46  Hydralisk  
  92  6:49  Zerg Missile Weapons Level 1  
  92  6:52  Hydralisk  
  92  6:53  Extractor  
  92  6:54  Hydralisk  
  92  6:57  Hydralisk  
  92  6:59  Overlord  
  92  7:04  Hydralisk  
  92  7:07  Hydralisk x2  
  92  7:08  Hydralisk  
  92  7:11  Overseer  
  92  7:14  Hydralisk  
  92  7:15  Hydralisk  
  96  7:17  Zergling x2  
  96  7:19  Overlord  
  96  7:21  Hydralisk  
  101  7:24  Hydralisk  
  101  7:27  Hydralisk  
  101  7:29  Zergling x4  
  107  7:31  Overlord  
  107  7:34  Hydralisk  
  109  7:37  Hydralisk  
  109  7:39  Hydralisk  
  109  7:41  Zergling x2  
  113  7:44  Hydralisk  
  113  7:46  Zergling x4  
  113  7:48  Zergling x4  
  113  7:50  Zergling x2  
  120  7:52  Zergling x2  
  120  7:53  Zergling x2  
  120  7:54  Zergling x2  
  120  7:56  Overseer  
  120  7:57  Zergling x2  
  120  7:58  Zergling x2  
  125  8:02  Hydralisk  
  125  8:03  Hydralisk  
  125  8:05  Zergling x4  
  131  8:07  Hydralisk  
  132  8:13  Hydralisk x2  
  132  8:17  Overlord x2  
  135  8:20  Overlord  
  135  8:24  Hydralisk  
  135  8:25  Hydralisk  
  130  8:27  Hydralisk  
  130  8:29  Hydralisk  
  130  8:31  Zergling x2  
  130  8:32  Zergling x2  
  117  8:35  Hydralisk  
  117  8:37  Hydralisk  
  117  8:38  Hydralisk  
  117  8:41  Hydralisk  
  112  8:44  Drone x2  
  112  8:45  Drone  
  112  8:46  Drone  
  112  8:48  Extractor  
  115  8:50  Lurker Den  
  115  8:52  Zergling x2  
  115  8:55  Drone x3  
  119  8:57  Drone  
  119  8:58  Drone  
  119  9:01  Hydralisk  
  123  9:04  Zerg Missile Weapons Level 2  
  123  9:08  Drone x3  
  123  9:09  Drone  
  127  9:12  Hydralisk  
  127  9:13  Hydralisk  
  131  9:17  Hydralisk  
  131  9:20  Overlord  
  131  9:21  Hydralisk  
  135  9:24  Zergling x4  
  135  9:27  Zergling x4, Extractor  
  135  9:29  Overlord  
  135  9:31  Hydralisk  
  138  9:37  Hydralisk x2  
  144  9:42  Hydralisk x3  
  144  9:44  Zergling x4  
  144  9:49  Drone  
  144  9:50  Drone x2, Extractor  
  144  9:52  Drone  
  147  9:58  Hydralisk  
  149  10:00  Overseer  
  149  10:01  Overlord  
  149  10:04  Hatchery  
  149  10:06  Overseer  
  148  10:13  Hydralisk x2  
  152  10:14  Overlord x2  
  152  10:17  Lurker  
  152  10:20  Lurker x3  
  152  10:21  Hydralisk x2  
  156  10:23  Hydralisk  
  156  10:24  Lurker  
  156  10:25  Hydralisk  
  163  10:29  Hydralisk x2  
  163  10:33  Spore Crawler  
  163  10:34  Hydralisk  
  168  10:36  Hydralisk  
  168  10:41  Lurker  
  171  10:43  Overlord x2  
  171  10:48  Lurker x2  
  171  10:49  Zergling x8  
  177  10:50  Zergling x2  
  177  10:53  Zergling x4  
  177  10:56  Overseer x2  
  180  10:58  Lurker  
  180  10:59  Zergling x4  
  183  11:04  Hydralisk  
  183  11:07  Hydralisk x2  
  189  11:14  Hydralisk x2  
  190  11:19  Lurker  
  190  11:20  Lurker  
  190  11:21  Zergling x12  
  191  11:31  Hydralisk  
  191  11:32  Hydralisk x5  
  189  11:37  Zergling x2  
  189  11:38  Zergling x8  
  196  11:45  Hydralisk  
  196  11:47  Hydralisk  
  196  11:48  Hydralisk x2  
  196  11:49  Hydralisk  
  168  11:56  Zergling x4  
Show
View Real Time Build Order
Export as new Build Order

Caliber Protoss 

Build Orders:  

Get SALT Encoding   

  12  0:01  Probe (Chrono Boost)  
  13  0:11  Probe (Chrono Boost)  
  14  0:20  Pylon  
  14  0:22  Probe (Chrono Boost)  
  15  0:38  Probe (Chrono Boost), Gateway  
  16  0:48  Probe (Chrono Boost)  
  17  0:59  Probe (Chrono Boost)  
  17  1:01  Gateway  
  17  1:03  Assimilator  
  18  1:10  Probe (Chrono Boost)  
  19  1:20  Probe (Chrono Boost)  
  20  1:26  Cybernetics Core  
  20  1:31  Probe (Chrono Boost)  
  21  1:35  Pylon  
  21  1:46  Zealot  
  23  1:49  Assimilator  
  23  1:54  Probe (Chrono Boost)  
  24  2:03  Warp Gate, Adept  
  24  2:04  Probe (Chrono Boost)  
  27  2:15  Probe (Chrono Boost), Pylon  
  28  2:18  Stalker  
  30  2:26  Probe (Chrono Boost)  
  33  2:39  Mothership Core (Chrono Boost)  
  33  2:53  Sentry  
  36  2:58  Probe (Chrono Boost)  
  36  3:01  Nexus  
  36  3:07  Pylon  
  36  3:19  Stargate  
  36  3:24  Probe (Chrono Boost)  
  35  3:36  Probe (Chrono Boost), Pylon  
  36  3:47  Probe (Chrono Boost)  
  37  3:54  Pylon  
  37  3:58  Probe (Chrono Boost)  
  37  4:00  Phoenix  
  38  4:07  Sentry  
  38  4:08  Stalker  
  44  4:13  Probe (Chrono Boost)  
  44  4:15  Probe (Chrono Boost)  
  46  4:21  Phoenix  
  46  4:24  Probe (Chrono Boost)  
  47  4:27  Probe (Chrono Boost)  
  50  4:34  Assimilator, Probe (Chrono Boost)  
  52  4:39  Probe (Chrono Boost)  
  52  4:43  Phoenix  
  52  4:45  Probe (Chrono Boost)  
  53  4:46  Assimilator  
  53  4:51  Probe (Chrono Boost)  
  56  4:55  Probe (Chrono Boost)  
  57  5:00  Gateway  
  57  5:03  Robotics Facility, Probe (Chrono Boost)  
  57  5:06  Probe (Chrono Boost)  
  59  5:13  Phoenix  
  60  5:15  Probe (Chrono Boost)  
  60  5:16  Probe (Chrono Boost)  
  63  5:27  Probe x2 (Chrono Boost), Adept  
  63  5:28  Adept  
  69  5:35  Phoenix  
  69  5:37  Probe (Chrono Boost), Pylon  
  69  5:39  Probe (Chrono Boost), Pylon  
  73  5:55  Pylon  
  73  5:57  Phoenix  
  75  6:05  Nexus  
  75  6:07  Observer  
  75  6:09  Pylon  
  76  6:18  Adept x2  
  76  6:19  Adept  
  82  6:28  Pylon  
  82  6:30  Gateway  
  82  6:36  Robotics Bay  
  82  6:43  Immortal  
  86  6:49  Adept x3  
  92  6:56  Probe (Chrono Boost)  
  92  6:57  Probe (Chrono Boost)  
  94  7:06  Probe (Chrono Boost), Phoenix  
  92  7:09  Probe (Chrono Boost)  
  92  7:10  Adept x3  
  100  7:15  Twilight Council  
  100  7:17  Probe (Chrono Boost)  
  100  7:22  Colossus  
  101  7:24  Forge  
  107  7:34  Probe x2 (Chrono Boost)  
  109  7:38  Extended Thermal Lance  
  109  7:41  Probe (Chrono Boost)  
  110  7:45  Pylon  
  110  7:46  Probe (Chrono Boost)  
  110  7:47  Resonating Glaives  
  110  7:50  Assimilator  
  111  7:54  Assimilator  
  111  8:01  Adept x3  
  116  8:07  Pylon  
  116  8:11  Colossus  
  102  8:35  Zealot x4  
  102  8:37  Mothership Core (Chrono Boost)  
  102  8:39  Protoss Ground Weapons Level 1  
  105  8:41  Probe (Chrono Boost)  
  105  8:43  Probe (Chrono Boost)  
  105  8:46  Pylon  
  106  8:49  Assimilator, Phoenix  
  106  8:52  Probe (Chrono Boost)  
  106  8:55  Probe (Chrono Boost)  
  110  8:57  Stalker x2  
  110  9:00  Zealot, Adept  
  118  9:05  Colossus  
  118  9:07  Pylon  
  124  9:18  Pylon  
  124  9:20  Adept  
  124  9:21  Adept x3  
  132  9:26  Probe (Chrono Boost)  
  131  9:35  Pylon  
  131  9:40  Blink  
  131  9:41  Adept x2  
  131  9:42  Adept  
  131  9:45  Zealot  
  139  9:49  Phoenix  
  141  9:54  Pylon  
  141  9:59  Colossus  
  147  10:03  Adept x2  
  147  10:04  Adept  
  153  10:13  Photon Cannon  
  153  10:16  Photon Cannon  
  153  10:17  Pylon  
  153  10:18  Photon Cannon  
  153  10:19  Protoss Ground Armor Level 1  
  151  10:29  Nexus  
  151  10:30  Pylon  
  149  10:44  Adept x3  
  155  10:53  Photon Cannon  
  155  10:54  Pylon  
  161  10:58  Adept  
  163  11:06  Observer  
  156  11:19  Pylon  
  156  11:24  Observer  
  156  11:38  Adept x3  
  162  11:52  Adept  
  105  11:55  Probe (Chrono Boost)  
  81  12:05  Adept x3  
Tags
 
Add a new tag
Caveats
  • Supply blocks, unpowered buildings, or Contaminate may cause inaccurate times.
  • Supply counts are checked every 10 seconds.